Map: Overgrown Facility

Players

Goku

  • Race: Zerg Zerg
  • Spawn Location: 9:00

Jogo

  • Race: Zerg Zerg
  • Spawn Location: 7:00

Throwfordays - Winner!

  • Race: Protoss Protoss
  • League: Bronze
  • Spawn Location: 3:00

Faust - Winner!

  • Race: Zerg Zerg
  • League: Diamond
  • Spawn Location: 1:00

VOD

Have the link to the VOD?

Description

Time

  • Played on: Jan. 29, 2019, 6:46 p.m.
  • Length: 16:40
Show
View Real Time Build Order
Export as new Build Order

Goku Zerg 

Build Orders: Hatch First 

Get SALT Encoding   

  12  0:01  Drone  
  13  0:10  Drone  
  14  0:17  Overlord  
  14  0:44  Hatchery  
  14  0:45  Drone  
  14  0:50  Drone  
  14  0:56  Extractor  
  14  1:03  Drone x2  
  16  1:19  Spawning Pool  
  16  1:23  Drone  
  16  1:27  Drone  
  17  1:34  Drone  
  18  1:55  Overlord  
  18  2:02  Overlord  
  18  2:06  Queen  
  18  2:07  Zergling x4  
  22  2:10  Zergling x2  
  23  2:16  Drone  
  23  2:21  Metabolic Boost  
  24  2:31  Drone x2  
  26  2:38  Zergling x4  
  28  2:46  Queen  
  28  2:50  Zergling x2  
  31  2:53  Zergling x2  
  31  2:56  Drone  
  33  2:59  Drone  
  33  3:13  Zergling x6  
  36  3:26  Zergling x4  
  36  3:27  Zergling x4  
  39  3:32  Spore Crawler  
  39  3:38  Baneling Nest  
  38  4:07  Zergling x12  
  38  4:08  Zergling x2  
  43  4:23  Zergling x2  
  43  4:27  Baneling x3  
  35  4:32  Lair  
  35  4:37  Drone x3  
  35  4:38  Drone x2  
  38  4:40  Spore Crawler  
  37  4:48  Drone  
  37  4:49  Drone  
  39  4:57  Drone  
  40  5:05  Drone x2  
  33  5:46  Zergling x14  
  33  5:49  Extractor  
  39  5:54  Overseer  
  39  5:56  Spine Crawler  
  38  5:59  Zergling x4  
  38  6:00  Zergling x4  
  42  6:04  Extractor  
  42  6:06  Baneling Nest  
  42  6:09  Roach Warren  
  42  6:11  Drone x2  
  42  6:14  Drone  
  43  6:23  Evolution Chamber  
  43  6:24  Baneling x5  
  42  6:26  Drone x2  
  44  6:38  Hatchery  
  44  6:39  Overseer  
  43  6:43  Drone  
  43  6:46  Burrow  
  44  6:57  Baneling  
  44  6:58  Baneling x6  
  44  7:00  Overlord x6  
  44  7:10  Glial Reconstitution  
  44  7:11  Hydralisk Den  
  34  7:25  Baneling x4  
  34  7:31  Drone x7  
  41  7:47  Extractor, Spire  
  39  7:57  Drone x4  
  43  8:06  Spore Crawler  
  42  8:15  Zergling x2  
  42  8:16  Zergling x10  
  48  8:24  Zerg Melee Weapons Level 1  
  48  8:26  Drone x2  
  50  8:32  Spore Crawler  
  49  8:41  Overlord x2  
  49  8:43  Zergling x4  
  51  9:11  Zerg Flyer Weapons Level 1  
  51  9:14  Mutalisk  
  51  9:15  Mutalisk x5  
  59  9:43  Mutalisk  
  59  9:44  Mutalisk x3  
  67  9:49  Overlord x2  
  67  9:50  Overlord  
  67  9:53  Zergling x2  
  67  9:54  Zergling x6  
  71  10:10  Mutalisk  
  71  10:11  Mutalisk x2  
  77  10:23  Drone x5  
  77  10:24  Drone  
  83  10:29  Spore Crawler  
  83  10:35  Mutalisk x2  
  82  10:41  Drone x4  
  88  11:12  Baneling  
  88  11:13  Baneling x3  
  77  11:28  Mutalisk  
  77  11:29  Mutalisk x5  
  64  11:57  Overlord x3, Mutalisk x2  
  68  12:09  Extractor  
  68  12:10  Extractor  
  68  12:15  Mutalisk x3  
  60  12:20  Zergling x20, Hatchery  
  73  12:32  Drone x5  
  73  12:34  Zerg Flyer Weapons Level 2, Evolution Chamber  
  73  12:35  Queen  
  79  12:41  Overseer  
  79  12:48  Mutalisk  
  70  13:13  Corruptor x3  
  76  13:21  Drone x7  
  76  13:22  Drone x3  
  86  13:36  Mutalisk x3  
  86  13:40  Overseer  
  92  13:43  Zergling x10  
  97  13:59  Zergling x12  
  103  14:03  Overseer  
  103  14:07  Corruptor x4  
  111  14:21  Corruptor, Mutalisk  
  115  14:31  Overlord  
  115  14:44  Infestation Pit  
  114  14:46  Mutalisk x3  
  104  15:24  Mutalisk x6  
  103  15:38  Zergling x20  
  103  15:39  Zergling x18  
  113  15:47  Mutalisk  
  78  16:00  Zergling x2  
  48  16:17  Spine Crawler  
Show
View Real Time Build Order
Export as new Build Order

Jogo Zerg 

Build Orders: Pool First, Lurkers 

Get SALT Encoding   

  12  0:13  Drone x2  
  14  0:33  Spawning Pool  
  14  0:34  Drone  
  14  0:40  Overlord  
  14  0:59  Drone x3  
  17  1:20  Hatchery  
  16  1:27  Queen  
  16  1:32  Drone  
  19  1:34  Drone  
  20  1:40  Extractor  
  19  2:11  Drone  
  19  2:12  Drone x2, Spine Crawler  
  21  2:43  Hatchery  
  20  2:45  Drone x2  
  20  2:47  Queen  
  24  2:56  Spore Crawler  
  23  3:05  Zergling x2  
  23  3:06  Zergling x8  
  23  3:07  Overlord  
  28  3:15  Spine Crawler  
  28  3:18  Metabolic Boost  
  20  4:34  Lair  
  20  4:37  Drone x4  
  20  4:38  Drone x3  
  27  4:52  Spore Crawler  
  26  5:06  Extractor  
  25  5:07  Drone x2  
  25  5:08  Drone  
  28  5:14  Spore Crawler  
  28  5:19  Extractor, Drone x2  
  28  5:20  Drone  
  29  5:26  Extractor  
  28  5:32  Queen  
  28  5:33  Drone  
  28  5:34  Drone x5  
  36  5:47  Hydralisk Den  
  35  5:53  Queen  
  35  5:54  Spine Crawler  
  35  5:55  Drone x3  
  39  6:04  Drone x2  
  39  6:07  Overlord x2  
  41  6:25  Spine Crawler  
  41  6:27  Drone x3  
  41  6:28  Drone x3  
  46  6:34  Drone x2  
  46  6:35  Drone  
  49  6:52  Hydralisk  
  49  6:53  Hydralisk x3  
  57  6:55  Overlord  
  57  7:05  Lurker Den  
  57  7:06  Overlord x2  
  56  7:15  Hydralisk x2  
  56  7:16  Hydralisk  
  56  7:18  Drone  
  63  7:30  Extractor  
  63  7:32  Drone x2  
  63  7:33  Drone  
  65  7:39  Drone  
  65  7:40  Drone x3  
  65  7:43  Overlord  
  69  8:01  Overseer  
  69  8:02  Overseer  
  67  8:17  Overlord, Hydralisk x2  
  67  8:18  Hydralisk x6  
  67  8:19  Hydralisk  
  85  8:29  Evolution Chamber  
  85  8:30  Evolution Chamber, Overlord  
  85  8:32  Evolution Chamber  
  82  8:40  Overlord x2  
  82  8:50  Extractor  
  82  8:51  Drone x3  
  84  8:58  Lurker x4  
  84  8:59  Lurker x3  
  91  9:06  Zerg Missile Weapons Level 1  
  91  9:08  Zerg Ground Armor Level 1  
  91  9:11  Zerg Melee Weapons Level 1  
  91  9:40  Overlord  
  91  9:41  Hydralisk x6  
  91  9:42  Hydralisk  
  91  9:43  Overlord  
  91  9:44  Overlord  
  80  10:04  Hydralisk  
  80  10:05  Hydralisk x5  
  84  10:21  Drone x4  
  86  10:22  Infestation Pit  
  87  10:40  Lurker x5  
  87  10:41  Lurker x2  
  94  10:47  Lurker x3  
  97  10:50  Lurker  
  97  10:54  Overlord  
  97  10:55  Hydralisk x6  
  110  10:57  Overlord  
  88  11:42  Hydralisk x6  
  88  11:43  Hydralisk x3  
  83  12:02  Hydralisk  
  83  12:03  Hydralisk x2  
  85  12:13  Hive  
  85  12:16  Zerg Melee Weapons Level 2  
  85  12:17  Zerg Missile Weapons Level 2  
  85  12:19  Zerg Ground Armor Level 2  
  85  12:41  Hatchery  
  84  12:44  Grooved Spines  
  66  13:31  Ultralisk Cavern  
  59  13:39  Hydralisk x6  
  59  13:40  Hydralisk x3  
  71  13:55  Muscular Augments  
  71  14:16  Drone x2  
  71  14:17  Drone x6  
  75  14:18  Drone x3  
  75  14:20  Overlord  
  75  14:21  Ultralisk x5  
  106  14:37  Lurker x2  
  106  14:38  Lurker x4  
  112  14:52  Spore Crawler  
  106  14:59  Spore Crawler  
  103  15:06  Spore Crawler  
  52  15:32  Hydralisk x4  
  52  15:33  Hydralisk x6  
  52  15:34  Hydralisk  
  62  16:07  Hatchery  
  61  16:13  Lurker x3  
  61  16:14  Lurker  
Show
View Real Time Build Order
Export as new Build Order

Throwfordays Protoss - Winner!

Build Orders:  

Get SALT Encoding   

  12  0:01  Probe  
  13  0:13  Probe  
  14  0:20  Pylon  
  14  0:25  Probe  
  15  0:37  Assimilator  
  15  0:38  Probe  
  16  0:50  Probe  
  17  0:58  Gateway  
  17  1:02  Probe  
  18  1:06  Assimilator  
  18  1:14  Probe  
  19  1:26  Probe  
  20  1:38  Probe  
  21  1:45  Cybernetics Core  
  21  1:50  Probe  
  22  2:00  Nexus  
  22  2:01  Warp Gate  
  22  2:02  Probe  
  23  2:15  Pylon  
  23  2:28  Gateway  
  23  2:33  Twilight Council  
  23  2:42  Forge  
  23  2:53  Gateway  
  23  3:00  Probe  
  24  3:08  Probe  
  24  3:11  Protoss Ground Weapons Level 1  
  25  3:15  Resonating Glaives  
  25  3:17  Probe  
  25  3:19  Probe  
  27  3:29  Probe  
  27  3:31  Probe  
  29  3:41  Probe  
  30  3:43  Probe  
  31  3:51  Adept x3  
  31  3:53  Probe  
  38  4:00  Gateway  
  38  4:13  Pylon  
  38  4:17  Pylon, Adept  
  38  4:18  Adept  
  42  4:33  Probe  
  42  4:35  Probe  
  44  4:45  Probe  
  44  4:47  Probe  
  46  4:56  Blink  
  46  4:58  Probe  
  46  4:59  Probe  
  48  5:00  Adept  
  48  5:01  Adept x3  
  56  5:10  Probe  
  56  5:11  Probe  
  58  5:15  Assimilator, Protoss Ground Weapons Level 2  
  58  5:19  Assimilator  
  58  5:22  Probe  
  58  5:23  Probe  
  58  5:25  Adept  
  58  5:28  Pylon  
  62  5:30  Pylon  
  62  5:32  Pylon  
  62  5:49  Adept x3  
  68  5:50  Adept  
  70  6:10  Nexus  
  70  6:27  Assimilator  
  70  6:31  Assimilator  
  70  6:33  Probe  
  70  6:35  Pylon  
  71  6:45  Probe  
  72  6:57  Probe  
  73  7:10  Pylon  
  47  7:29  Adept x3  
  53  7:32  Gateway  
  53  7:33  Gateway  
  53  7:35  Stalker  
  55  7:39  Pylon  
  55  7:46  Robotics Facility  
  55  7:50  Robotics Facility, Probe  
  57  7:58  Probe  
  57  8:01  Probe  
  57  8:02  Probe  
  57  8:04  Stalker x4  
  67  8:10  Probe  
  68  8:13  Probe  
  68  8:14  Probe  
  70  8:22  Probe  
  70  8:25  Probe  
  70  8:26  Probe  
  73  8:34  Probe  
  73  8:38  Probe x2  
  73  8:39  Adept x4  
  73  8:40  Adept x2  
  88  8:42  Immortal x2  
  88  8:47  Probe  
  97  8:50  Probe  
  98  8:55  Robotics Bay  
  98  9:00  Robotics Facility  
  98  9:02  Stalker x6, Robotics Facility  
  110  9:22  Observer x2  
  110  9:45  Immortal  
  89  10:13  Immortal x3  
  97  10:20  Probe  
  98  10:24  Immortal  
  102  10:30  Stalker x2  
  102  10:31  Stalker x4  
  102  10:33  Probe  
  102  10:34  Extended Thermal Lance  
  115  10:45  Probe  
  115  10:46  Nexus  
  115  10:49  Pylon  
  116  10:51  Colossus  
  116  10:54  Pylon  
  122  11:03  Pylon  
  122  11:04  Observer  
  123  11:05  Pylon  
  123  11:07  Colossus  
  123  11:08  Pylon x2  
  123  11:10  Pylon  
  129  11:11  Colossus  
  129  11:13  Pylon  
  129  11:14  Stalker x3  
  141  11:25  Observer  
  126  11:41  Stalker x4  
  126  11:42  Stalker x2  
  124  12:01  Colossus x3  
  124  12:07  Stalker  
  124  12:08  Stalker x4  
  148  12:09  Stalker  
  146  12:35  Stalker x5  
  146  12:36  Stalker  
  158  12:43  Probe  
  159  12:53  Protoss Ground Weapons Level 3  
  159  12:55  Probe  
  159  13:08  Observer x2, Probe  
  162  13:17  Charge  
  162  13:20  Probe  
  163  13:32  Probe  
  164  14:04  Immortal x3  
  164  14:05  Immortal  
  174  14:28  Assimilator  
  174  14:33  Assimilator  
  174  14:44  Nexus  
  174  14:54  Nexus  
  138  15:40  Stalker x3  
  138  15:41  Stalker x3  
  137  16:12  Stalker x5  
  137  16:13  Stalker  
Show
View Real Time Build Order
Export as new Build Order

Faust Zerg - Winner!

Build Orders: Hatch First, Muta Ling Bane, Zergling Baneling 

Get SALT Encoding   

  12  0:02  Drone  
  13  0:10  Drone  
  14  0:18  Extractor, Drone  
  15  0:23  Overlord  
  15  0:42  Drone  
  16  0:44  Drone  
  17  0:56  Hatchery  
  16  0:58  Drone  
  17  1:13  Spawning Pool  
  17  1:17  Drone  
  17  1:20  Extractor  
  17  1:22  Drone  
  17  1:30  Drone x2  
  19  1:50  Overlord  
  19  2:01  Queen  
  19  2:02  Zergling x2  
  22  2:09  Queen  
  22  2:10  Zergling x4  
  26  2:21  Metabolic Boost  
  26  2:27  Zergling x6  
  29  2:43  Baneling Nest  
  28  2:44  Drone x2  
  28  2:45  Drone  
  28  2:51  Overlord  
  31  3:00  Drone  
  31  3:02  Drone x2  
  34  3:20  Drone x3  
  34  3:21  Drone x2  
  39  3:37  Baneling x4  
  39  3:38  Baneling  
  39  3:39  Zergling x6  
  39  3:40  Zergling x4  
  43  3:49  Overlord x2  
  43  4:04  Baneling x4  
  30  4:26  Zergling x2  
  30  4:27  Zergling x12  
  22  4:37  Zergling x2, Queen  
  25  4:41  Drone  
  25  4:42  Drone  
  27  4:50  Drone  
  28  5:04  Drone  
  28  5:05  Drone x2  
  31  5:08  Hatchery  
  30  5:24  Zergling x4  
  32  5:28  Baneling x2  
  24  5:52  Drone x4  
  24  5:54  Drone  
  24  5:55  Extractor, Drone x4  
  24  5:56  Drone  
  24  5:57  Extractor  
  32  5:58  Drone x2  
  32  6:03  Extractor  
  33  6:17  Baneling  
  33  6:27  Drone x6  
  33  6:29  Drone  
  33  6:31  Drone  
  41  6:40  Drone  
  42  6:48  Lair  
  42  7:09  Drone x5  
  42  7:11  Overlord x2  
  47  7:27  Drone x4  
  49  7:56  Hatchery, Drone x3, Spire  
  49  8:06  Zergling x2  
  49  8:07  Zergling x14  
  57  8:27  Centrifical Hooks  
  57  8:35  Baneling x3  
  57  8:38  Overlord x4  
  57  8:44  Drone x5  
  62  9:10  Mutalisk x10  
  62  9:12  Mutalisk  
  78  9:42  Baneling x3  
  78  9:43  Baneling x3  
  78  9:44  Mutalisk  
  78  9:45  Mutalisk x2  
  82  9:52  Overlord x2  
  84  9:53  Overlord x2  
  84  9:54  Drone x2  
  84  9:55  Drone x5  
  84  9:57  Extractor  
  84  9:58  Extractor  
  89  10:11  Overlord x2  
  81  10:27  Mutalisk  
  81  10:28  Mutalisk x3  
  83  10:29  Drone  
  83  10:30  Drone x3  
  93  10:41  Evolution Chamber  
  92  10:44  Zerg Flyer Weapons Level 1, Evolution Chamber  
  76  11:50  Mutalisk  
  76  11:51  Mutalisk x9  
  88  12:17  Drone  
  88  12:18  Drone x3  
  88  12:19  Drone x4  
  96  12:24  Overlord  
  96  12:29  Zerg Melee Weapons Level 1  
  96  12:30  Zerg Ground Armor Level 1  
  96  12:37  Hatchery  
  90  12:59  Corruptor  
  90  13:00  Corruptor x4  
  96  13:13  Overlord  
  96  13:14  Overlord x4  
  96  13:15  Mutalisk  
  96  13:16  Mutalisk x4  
  106  13:25  Drone x2  
  108  13:27  Overlord  
  108  13:28  Overlord  
  108  13:32  Spire  
  107  13:53  Corruptor x4  
  115  14:00  Queen  
  115  14:02  Queen  
  117  14:04  Drone x3  
  117  14:05  Extractor, Drone x2  
  117  14:06  Extractor  
  117  14:09  Overseer  
  122  14:10  Pneumatized Carapace  
  122  14:12  Overseer  
  122  14:29  Zergling x16  
  126  15:10  Infestation Pit  
  122  15:14  Corruptor  
  122  15:15  Corruptor x9  
  138  15:24  Drone x3  
  131  15:44  Corruptor x5  
  120  16:05  Corruptor x2  
  120  16:10  Drone x4  
  120  16:11  Drone x2  
  127  16:26  Drone x3  
Tags
 
Add a new tag
Caveats
  • Supply blocks, unpowered buildings, or Contaminate may cause inaccurate times.
  • Supply counts are checked every 10 seconds.